AoeStats
← Predatory Shadow

African Clearing

510692698Analyzed
2v2 RM · 22h ago on Oct 2, 2026· 44m 50s· 4 players
Game mode
Random Map
Map size
Medium (4 player)
Population
200
Speed
Normal
Resources
Standard
Victory
Conquest
Starting age
Dark Age
Ending age
Imperial Age
RankedLock teamsTeams togetherTeam positionsShared explorationLock speedFull tech treeHidden civsTurbo modeCheats
Victory
Defeat
🇩🇪 Armenians · Germany
1061
+18
🇦🇷 Dravidians · Argentina
1028
+20
🇺🇸 Lithuanians · United States
1140
-20
🇺🇸 Romans · United States
1077
-18
uff
4:06 Loom
15:59 Feudal Age
16:02 Man-at-Arms
17:27 Long Swordsman
20:16 Forging
23:40 Horse Collar
23:49 Double-Bit Axe
26:31 Castle Age
26:11 Scale Mail Armor
26:04 Arson
27:16 Wheelbarrow
26:40 Two-Handed Swordsman
27:58 Bow Saw
28:49 Champion
32:31 Iron Casting
39:27 Hand Cart
44:03 Imperial Age
42:28 Chain Mail Armor
44:31 Squires
44:17 Gambesons
44:15 Capped Ram
Predatory Shadow
3:37 Loom
20:48 Feudal Age
21:17 Double-Bit Axe
21:17 Horse Collar
21:34 Gold Mining
25:10 Fletching
28:07 Wheelbarrow
32:31 Castle Age
31:41 Man-at-Arms
32:07 Arson
33:33 Squires
32:53 Pikeman
34:30 Thumb Ring
35:12 Gambesons
RespectTheRussell
6:41 Loom
12:30 Feudal Age
13:48 Man-at-Arms
24:21 Castle Age
23:27 Wheelbarrow
23:06 Scale Barding Armor
23:41 Forging
23:27 Gold Mining
23:59 Bloodlines
27:12 Wheelbarrow
31:06 Double-Bit Axe
32:07 Bow Saw
32:24 Chain Barding Armor
shealey.und14
6:34 Loom
13:36 Feudal Age
18:10 Man-at-Arms
21:42 Scale Mail Armor
31:48 Castle Age
31:18 Horse Collar
31:25 Double-Bit Axe
33:41 Long Swordsman
Connection lost

Rejoining the realm…

Still unreachable

The connection could not be restored.

Session expired

The server has moved on; the page needs a fresh start.